 Dungeon Crawl Stone Soup version 0.31.0-32-g396128a36d (webtiles) character file.

Game seed: 9032157094578106669

41 Tovical the Trooper (level 3, -6/24 HPs)
             Began as a Gargoyle Fighter on Mar 10, 2024.
             Mangled by Terence
             ... wielding a +2 trident of protection
              (10 damage)
             ... on level 2 of the Dungeon.
             The game lasted 00:03:39 (836 turns).

Tovical the Trooper (Gargoyle Fighter)               Turns: 836, Time: 00:03:40

Health: -6/24      AC: 10    Str: 19    XL:     3   Next: 52%
Magic:  3/3        EV:  9    Int: 10    God:
Gold:   35         SH:  4    Dex:  9    Spells: 2/2 levels left

rFire   . . .        a - +1 flail
rCold   . . .        c - +0 buckler
rNeg    + . .        b - +0 scale mail
rPois   ∞            (no helmet)
rElec   +            (no cloak)
rCorr   .            (no gloves)
SInv    .            (no boots)
Will    .....        (no amulet) Stlth
                     (no ring)
HPRegen 0.24/turn    (no ring)
MPRegen 0.08/turn

%: no passive effects
@: no status effects
A: sickness immunity, AC +3, negative energy resistance 1, electricity
resistance, torment resistance 1, petrification resistance
a: no special abilities


You were on level 2 of the Dungeon.
You visited 1 branch of the dungeon, and saw 2 of its levels.

You collected 35 gold pieces.

Inventory:

Hand Weapons
 a - a +1 flail (weapon)
Missiles
 f - 4 poisoned darts (quivered)
Armour
 b - a +0 scale mail (worn)
 c - a +0 buckler (worn)
Scrolls
 d - a scroll of enchant weapon


   Skills:
 + Level 4.1 Fighting
 + Level 3.0 Maces & Flails
 - Level 3.2 Armour
 - Level 3.2 Shields


You had 2 spell levels left.
You didn't know any spells.
Your spell library contained the following spells:

 Spells                   Type           Power      Damage    Failure   Level
 Kiss of Death            Conj/Necr      0%         2d5       80%         1
 Sandblast                Erth           0%         2d4       80%         1
 Summon Small Mammal      Summ           0%         N/A       80%         1
 Brom's Barrelling Bould  Conj/Erth      0%         2d3       100%        4
 Fireball                 Conj/Fire      0%         3d3       100%        5
 Iskenderun's Battlesphe  Conj           0%         2d6       100%        5
 Conjure Ball Lightning   Conj/Air       0%         3x3d6     100%        6
 Orb of Destruction       Conj           0%         9d5       100%        7


Dungeon Overview and Level Annotations

Branches:
Dungeon (2/15)

Altars:

Annotations:
D:2 Robin, Terence


Innate Abilities, Weirdness & Mutations

You are immune to sickness and miasma.
Your stone body is resilient. (AC +3)
You are immune to poison.
You resist negative energy. (rN+)
You are resistant to electric shocks. (rElec)
You are resistant to unholy torment.
You are immune to petrification.


Message History

As you read the scroll labelled NUMIORI MINITY, it crumbles to dust.
It was a scroll of blinking.
Terence the Incautious comes into view.
He is wielding a +2 trident of protection.
Terence shouts!
Terence closely misses you.
It was a potion of curing.
You feel better. Terence barely misses you. You block Terence's attack.
You barely miss Terence. Terence closely misses you. Terence barely misses you.
You barely miss Terence.
Terence hits you with a +2 trident of protection.
You hit Terence but do no damage.
Terence hits you with a +2 trident of protection.
You hit Terence.
Terence is lightly wounded.
Terence hits you with a +2 trident of protection.
You barely miss Terence.
Terence is lightly wounded.
Terence hits you but does no damage. x2
You hit Terence but do no damage.
Terence is lightly wounded.
Terence hits you with a +2 trident of protection.
You sock Terence!
Terence is severely wounded.
Terence barely misses you.
You closely miss Terence.
Terence is severely wounded.
Terence hits you with a +2 trident of protection!
Terence hits you with a +2 trident of protection.
* * * LOW HITPOINT WARNING * * *
You barely miss Terence.
Terence is severely wounded.
Terence hits you but does no damage.
You hit Terence but do no damage.
Terence is severely wounded.
Terence closely misses you.
You hit Terence but do no damage.
Terence is severely wounded.
Terence hits you with a +2 trident of protection!
You die...
Terence says, "Time to find some more victims."

##..........#
#..........#
#..........#######
#.########.......#
... #######.# .##
#.# . #.# ######.#
#...@@.# #.###..#
##.# #.# #.# #.#
#.# .#


You could see Terence.

Vanquished Creatures
  A gnoll (D:1)
  A dart slug (D:1)
  5 endoplasms (D:1)
  A giant cockroach (D:1)
  7 goblins (D:1)
  2 hobgoblins
  2 jackals (D:1)
  A quokka (D:2)
  2 ball pythons
  2 rats (D:1)
24 creatures vanquished.

Notes
Turn   | Place    | Note
-------+----------+-------------------------------------------
     0 | D:1      | Tovical the Gargoyle Fighter began the quest for the Orb.
     0 | D:1      | Reached XP level 1. HP: 14/14 MP: 1/1
    98 | D:1      | Reached XP level 2. HP: 11/19 MP: 2/2
   171 | D:1      | Got An Introduction to the Deep Truths
   319 | D:1      | Reached XP level 3. HP: 10/24 MP: 3/3
   489 | D:2      | Noticed Robin
   490 | D:2      | Reached skill level 4 in Fighting
   823 | D:2      | Noticed Terence
   836 | D:2      | Mangled by Terence

Illustrated notes

Levels and vault maps discovered:
D:1:      tarquinn_simple_flora_water_c, layout_rooms, minivault_4,
          chequers_serial_rivers_room_a, serial_bayou_pond_b
D:2:      layout_basic, st_stairs_10, wander_ebering_terrifying_dragon_lair,
          uniq_terence, uniq_natasha, uniq_robin

Skill      XL: |  1  2  3 |
---------------+----------+-----
Fighting       | 4 |  4.1
Maces & Flails | 3 |  3.0
Armour         | |  3.2
Shields        | |  3.2

Action                     || total
---------------------------++-------
  Melee: Flail             ||    88
    Use: Scroll            ||     4
         Potion            ||     2
 Armour: Scale mail        ||    85
  Dodge: Dodged            ||    66
  Block: Buckler           ||    28
